 Dungeon Crawl Stone Soup version 0.28.0 (webtiles) character file.

Game seed: 11254937531489626829

114 crazypyro the Cudgeller (level 4, 0/48 HPs)
             Began as an Ogre Monk on Feb 14, 2022.
             Slain by a gnoll (9 damage)
             ... on level 3 of the Dungeon.
             The game lasted 00:02:16 (2993 turns).

crazypyro the Cudgeller (Ogre Monk)                 Turns: 2993, Time: 00:02:17

Health: 0/48       AC:  3    Str: 17    XL:     4   Next: 97%
Magic:  4/4        EV: 10    Int: 11    God:
Gold:   143        SH:  0    Dex: 11    Spells: 3/3 levels left

rFire   . . .      SeeInvis .   k - +2 mace (protect)
rCold   . . .      Faith    .   (no shield)
rNeg    . . .      Spirit   .   b - +0 robe
rPois   .          Reflect  .   (helmet restricted)
rElec   .          Harm     .   (no cloak)
rCorr   .          Rampage  .   (gloves unavailable)
Will    .....                   (boots unavailable)
Stlth   +.........              (no amulet)
HPRegen 0.16/turn               (no ring)
MPRegen 0.09/turn               (no ring)

@: confused, lethally poisoned (0 -> -12)
A: large, unfitting armour, tough skin 1
a: no special abilities


You were on level 3 of the Dungeon.
You visited 1 branch of the dungeon, and saw 3 of its levels.

You collected 143 gold pieces.

Inventory:

Hand Weapons
 a - a +0 mace
 f - a +0 flail
 k - a +2 mace of protection (weapon)
Armour
 b - a +0 robe (worn)
Scrolls
 d - 2 scrolls of identify {unknown}
 g - a scroll of amnesia {unknown}
 h - a scroll of fear {unknown}
 i - a scroll of immolation {unknown}
Potions
 c - 2 potions of lignification {unknown}
 e - a potion of might {unknown}
 j - a potion of curing {unknown}


   Skills:
 - Level 4.0 Fighting
 * Level 5.0 Maces & Flails
 - Level 2.6 Dodging
 - Level 1.4 Stealth


You had 3 spell levels left.
You didn't know any spells.
Your spell library contained the following spells:

 Spells                   Type           Power      Damage    Failure   Level
 Static Discharge         Conj/Air       0%         N/A       47%         2
 Lightning Bolt           Conj/Air       0%         1d11      100%        5
 Maxwell's Capacitive Co  Air            0%         ∞         100%        8


Dungeon Overview and Level Annotations

Branches:
Dungeon (3/15)

Altars:


Innate Abilities, Weirdness & Mutations

You are too large for most types of armour.
You have tough skin. (AC +1)


Message History

You hit something. The gnoll barely misses you.
Something hits you but does no damage.
You hear some strange, mumbled words.
Something tries to affect you, but you resist.
A puff of flame appears from out of thin air!
The puff of flame hits you.
Something tries to affect you, but you resist.
You hit something.
Your weapon exudes an aura of protection.
Something hits you.
You closely miss something.
An orc wizard appears from thin air!
Reactivating autopickup.
The gnoll hits you from afar with a +1 spear of venom.
You are poisoned.
The orc wizard casts a spell.
The orc wizard flickers and vanishes!
Deactivating autopickup; reactivate with Ctrl-A.
The gnoll hits you but does no damage.
You are more poisoned.
You miss something.
You feel very sick.
You hear some strange, mumbled words.
You are confused.
The gnoll hits you from afar with a +1 spear of venom.
You completely miss something.
You feel very sick. Something hits you. The gnoll misses you.
You bump into the rock wall.
You feel sick.
You hear some strange, mumbled words.
A puff of flame appears from out of thin air!
The puff of flame hits you.
The gnoll hits you from afar with a +1 spear of venom.
You are lethally poisoned!
You bump into the rock wall.
* * * LOW HITPOINT WARNING * * *
You feel very sick. Something hits you.
* * * LOW HITPOINT WARNING * * *
The gnoll hits you from afar with a +1 spear of venom!
You die...

#########
#.......#
#.......#
#.......#########
##........g.....o#
.........#######g#
##.......# #{#
.........# #@#
.######### #.# .#
#.# .# #.# ## #.#
# ###.### #
#.....# #.###.# #
#.# #.#


You could see a gnoll and an orc.

Vanquished Creatures
  3 adders
  A gnoll (D:1)
  A worm (D:2)
  A dart slug (D:3)
  2 orcs (D:3)
  2 endoplasms
  2 giant cockroaches
  2 goblins
  9 hobgoblins
  15 jackals
  6 kobolds
  A quokka (D:2)
  6 ball pythons
  5 bats
  4 frilled lizards
  3 rats
63 creatures vanquished.

Notes
Turn   | Place    | Note
-------+----------+-------------------------------------------
     0 | D:1      | crazypyro the Ogre Monk began the quest for the Orb.
     0 | D:1      | Reached XP level 1. HP: 24/24 MP: 1/1
   115 | D:1      | Reached skill level 3 in Maces & Flails
   130 | D:1      | Reached XP level 2. HP: 21/32 MP: 2/2
   937 | D:1      | Reached XP level 3. HP: 39/39 MP: 3/3
  1350 | D:2      | Reached skill level 4 in Maces & Flails
  1524 | D:2      | Reached XP level 4. HP: 28/48 MP: 4/4
  1970 | D:2      | Found a faded altar of an unknown god.
  2740 | D:3      | Noticed a scorpion
  2898 | D:3      | Reached skill level 5 in Maces & Flails
  2993 | D:3      | Slain by a gnoll

Illustrated notes

Levels and vault maps discovered:
D:1:      ebering_hopf_link, layout_rooms, minmay_tetromino_i4
D:2:      layout_basic, basic_ecumenical_altar
D:3:      layout_loops_ring, serial_shops, nicolae_shop_bloodbath_and_beyond,
          st_stairs_11, minmay_quantized

Skill      XL: |  1  2  3  4 |
---------------+-------------+-----
Maces & Flails | 3 4 5 |  5.0
Fighting       | |  4.0
Dodging        | |  2.6
Stealth        | |  1.4

Action                   |  1- 3 |  4- 6 || total
-------------------------+-------+-------++-------
Melee: Mace              |    92 |    37 ||   129
       Punch             |     1 |     1 ||     2
       Flail             |    16 |    81 ||    97
 Stab: Sleeping          |     1 |     2 ||     3
       Distracted        |       |     1 ||     1
Armor: Robe              |    40 |    41 ||    81
Dodge: Dodged            |    59 |    59 ||   118
